 Dungeon Crawl Stone Soup version 0.29-a0-409-gd843f3a48c (webtiles) character file.

Game seed: 6519422299891175974

6739 croobank the Covert (level 11, -4/87 HPs)
             Began as a Gnoll Delver on May 14, 2022.
             Was an Initiate of Gozag.
             Slain by a yak (7 damage)
             ... on level 9 of the Dungeon.
             The game lasted 00:35:56 (9439 turns).

croobank the Covert (Gnoll Delver)                  Turns: 9439, Time: 00:35:56

Health: -4/87      AC:  2    Str: 12    XL:     11   Next: 4%
Magic:  18/19      EV: 25    Int: 14    God:    Gozag
Gold:   592        SH:  0    Dex: 18    Spells: 5/21 levels left

rFire   . . .      SeeInvis .     - Unarmed
rCold   . . .      Faith    .   (shield currently unavailable)
rNeg    . . .      Spirit   .   (body armour currently unavailable)
rPois   x          Reflect  .   (helmet currently unavailable)
rElec   .          Harm     .   (cloak currently unavailable)
rCorr   .          Rampage  .   (gloves currently unavailable)
Will    .....                   (boots currently unavailable)
Stlth   +++++.....              S - amulet of regeneration
HPRegen 1.04/turn               w - +4 ring of slaying
MPRegen 0.16/turn               A - +4 ring of slaying

@: spider-form, gold aura
A: venomous fangs, tiny, (fangs 1), strong nose, distributed training
a: End Transformation, Renounce Religion, Potion Petition, Call Merchant, Bribe
Branch


You were on level 9 of the Dungeon.
You worshipped Gozag.
Gozag was pleased with you.
You were a venomous arachnid creature.
You visited 2 branches of the dungeon, and saw 10 of its levels.
You also visited: Ossuary.

You collected 682 gold pieces.
You paid 90 gold pieces to Gozag.

Inventory:

Hand Weapons
 a - a +2 dagger of venom
 b - a +2 shortbow of flaming
 e - a +2 mace of holy wrath
 k - a +1 antimagic dagger
 n - a +2 long sword of draining
 C - a +0 great sword
 G - a +4 dagger of freezing
 P - a +3 quarterstaff of chaos
 V - a +3 vorpal war axe (melded)
Missiles
 j - 254 stones
 q - 23 poisoned darts
 J - a throwing net (quivered)
 Z - 9 boomerangs
Armour
 d - a +1 pair of boots (melded)
 i - a +1 helmet (melded)
 m - a +0 scale mail
 p - a +0 ring mail
 x - a +0 chain mail
 F - a +0 pair of gloves (melded)
 N - a +0 leather armour of cold resistance (melded)
 Q - a +0 cloak
Jewellery
 t - a ring of protection from fire
 u - an amulet of guardian spirit
 w - a +4 ring of slaying (left front leg)
 y - a ring of flight
 A - a +4 ring of slaying (right front leg)
 R - a +4 ring of protection
 S - an amulet of regeneration (around neck)
 X - a +4 ring of evasion
Wands
 g - a wand of digging (3)
 H - a wand of paralysis (4)
 U - a wand of polymorph (10)
Scrolls
 c - 2 scrolls of fog
 h - 3 scrolls of immolation
 l - a scroll of enchant weapon
 r - 2 scrolls of magic mapping
 s - 2 scrolls of amnesia
 D - 2 scrolls of torment
 E - a scroll of teleportation
 I - a scroll of silence
Potions
 f - 3 potions of haste
 o - 4 potions of might
 v - 4 potions of resistance
 z - 3 potions of berserk rage
 B - a potion of flight
 K - 8 potions of curing
 M - a potion of ambrosia {unknown}
 O - 2 potions of brilliance {unknown}
 T - a potion of magic {unknown}
 W - a potion of mutation {unknown}
 Y - 2 potions of cancellation {unknown}


   Skills:
 + Level 8.9 Fighting
 + Level 5.8 Short Blades
 + Level 5.8 Long Blades
 + Level 7.5 Axes
 + Level 5.8 Maces & Flails
 + Level 5.8 Polearms
 + Level 5.8 Staves
 + Level 5.8 Slings
 + Level 5.8 Bows
 + Level 5.8 Crossbows
 + Level 5.8 Throwing
 + Level 5.8 Armour
 + Level 7.5 Dodging
 + Level 11.2 Stealth
 + Level 5.8 Shields
 + Level 5.8 Unarmed Combat
 + Level 5.8 Spellcasting
 + Level 4.8 Conjurations
 + Level 4.8 Hexes
 + Level 4.8 Summonings
 + Level 4.8 Necromancy
 + Level 4.8 Translocations
 + Level 4.8 Transmutations
 + Level 4.8 Fire Magic
 + Level 4.8 Ice Magic
 + Level 4.8 Air Magic
 + Level 4.8 Earth Magic
 + Level 4.8 Poison Magic
 + Level 6.4 Invocations
 + Level 5.8 Evocations


You had 5 spell levels left.
You knew the following spells:

 Your Spells              Type           Power      Damage    Failure   Level
a - Beastly Appendage     Tmut           34%        N/A       9%          1
b - Sandblast             Erth           34%        2d9       9%          1
c - Spider Form           Tmut/Pois      17%        N/A       17%         3
d - Stone Arrow           Conj/Erth      34%        3d9       17%         3
e - Passwall              Tmut/Erth      14%        N/A       11%         2
f - Fulminant Prism       Conj/Hex       8%         3d7       43%         4
g - Wereblood             Tmut           17%        N/A       11%         2

Your spell library contained the following spells:

 Spells                   Type           Power      Damage    Failure   Level
 Magic Dart               Conj           68%        1d6       9%          1
 Searing Ray              Conj           34%        2d5       11%         2
 Airstrike                Air            8%         N/A       43%         4
 Summon Lightning Spire   Summ/Air       17%        N/A       43%         4
 Lightning Bolt           Conj/Air       8%         1d21      73%         5


Dungeon Overview and Level Annotations

Branches:
Dungeon (9/15)             Temple (1/1) D:7            Lair (0/6) D:9
Ossuary (visited)
    Orc: D:9-12

Altars:
Ashenzari
Cheibriados
Fedhas
Gozag
Hepliaklqana
Makhleb
Nemelex Xobeh
Okawaru
Ru
Sif Muna
Trog
Uskayaw
Vehumet
Wu Jian
Xom
Yredelemnul
Zin
The Shining One

Annotations:
D:5 3 runed translucent doors, HendSelp's ghost, novice FoFi; croobank's ghost, novice GnDe; zeratav's ghost, novice OpEE


Innate Abilities, Weirdness & Mutations

You are a venomous arachnid creature.
You have poisonous fangs.
You are tiny and dextrous.
Your spellcasting is less reliable in this form.
Your armour is entirely melded.
You are incapable of wielding weapons or throwing items.
((You have very sharp teeth.))
Your uncanny sense of smell can sniff out nearby items.
Your experience applies equally to all skills.


Message History

The yak gores you.
* * * LOW HITPOINT WARNING * * *
You hear a shout!
The orc priest shouts!
The yak is no longer distracted by gold. x2
The yak snorts and paws the ground.
The yak gores you!
* * * LOW HITPOINT WARNING * * *
The yak is distracted by your dazzling golden aura.
The yak bellows!
The water moccasin is no longer distracted by gold.
The water moccasin bites you.
* * * LOW HITPOINT WARNING * * *
The yak snorts and paws the ground.
The yak barely misses you.
The yak is distracted by your dazzling golden aura.
The water moccasin bites you.
* * * LOW HITPOINT WARNING * * *
The orc priest is no longer distracted by gold.
The water moccasin bites you.
* * * LOW HITPOINT WARNING * * *
The yak gores you.
* * * LOW HITPOINT WARNING * * *
The water moccasin bites you.
* * * LOW HITPOINT WARNING * * *
The yak gores you!
* * * LOW HITPOINT WARNING * * *
The orc priest is distracted by your dazzling golden aura.
The basilisk is distracted by your dazzling golden aura.
The water moccasin bites you but does no damage.
The basilisk hisses angrily.
The yak bellows!
You turn to flesh and can move again.
Okay, then.
Okay, then.
The water moccasin attacks as you move away!
The water moccasin bites you!
* * * LOW HITPOINT WARNING * * *
The yak attacks as you move away! The yak gores you!
You die...
Your body crumbles into a pile of gold.

#......
######.#
#...# #.#
....... #.#
#.#.#
.......
#$###.#.#
#.$...#.#
##...##..
#######$..#
#.
.......$..#
...####...#
P....{Ss###
$ $
..P..lYY#
.♣..PPlY#
♣P..Y..oo
.PP......
......$...
.......P..
P.>......♣#


You could see 4 yaks, a basilisk, a water moccasin, a wyvern, an orc priest and
an orc.

Vanquished Creatures
  A two-headed ogre (D:8)
  An unseen horror (D:6)
  A troll (D:9)
  A shadow (D:9)
  4 yaks
  A wyvern (D:9)
  3 vampire mosquitoes (D:9)
  A steam dragon (D:5)
  Menkaure (D:7)
  Duvessa (D:5)
  An acid dragon (D:7)
  2 water moccasins
  2 orc warriors
  2 sky beasts
  2 black bears
  3 ice beasts
  5 centaurs
  2 ogres
  Blork the orc (D:4)
  A kobold brigand (D:8)
  2 bullfrogs (D:8)
  A necrophage (D:6)
  4 scorpions
  11 water moccasin zombies (Ossuary)
  8 wights
  Dowan (D:5)
  A howler monkey (D:6)
  3 hounds
  2 jellies (D:6)
  Crazy Yiuf (D:5)
  An orc priest (D:7)
  2 gnoll shamans
  4 iguanas
  3 orc wizards
  2 mummies (Ossuary)
  13 gnolls
  4 adders
  An ufetubus (D:6)
  5 adder zombies (Ossuary)
  4 worms
  4 dart slugs
  12 orcs
  4 bats
  7 endoplasms
  7 giant cockroaches
  A gnoll zombie (Ossuary)
  7 hobgoblins
  3 jackals (D:4)
  9 kobolds
  7 ball pythons
  A frilled lizard (D:1)
  7 goblins
  4 hobgoblin zombies (Ossuary)
  5 kobold zombies (Ossuary)
  5 orc zombies (Ossuary)
  10 rats
202 creatures vanquished.

Vanquished Creatures (collateral kills)
  An orc priest (D:7)
  A white imp (D:7)
  2 orcs (D:7)
4 creatures vanquished.

Vanquished Creatures (others)
  3 plants (D:9)
  4 withered plants (D:5)
7 creatures vanquished.

Grand Total: 213 creatures vanquished

Notes
Turn   | Place    | Note
-------+----------+-------------------------------------------
     0 | D:5      | Reached skill level 9 in Stealth
     0 | D:5      | croobank the Gnoll Delver began the quest for the Orb.
     0 | D:5      | Reached XP level 1. HP: 23/23 MP: 1/1
    48 | D:5      | Noticed an iguana
    52 | D:5      | Noticed a hound
    53 | D:5      | Noticed a steam dragon
   148 | D:3      | Reached XP level 2. HP: 29/29 MP: 2/2
   158 | D:3      | Found an iron altar of Okawaru.
   713 | D:2      | Reached XP level 3. HP: 29/35 MP: 3/3
  1070 | D:2      | Reached skill level 1 in Invocations
  1460 | D:1      | Reached skill level 1 in Short Blades
  1460 | D:1      | Reached skill level 1 in Long Blades
  1460 | D:1      | Reached skill level 1 in Maces & Flails
  1460 | D:1      | Reached skill level 1 in Polearms
  1460 | D:1      | Reached skill level 1 in Staves
  1460 | D:1      | Reached skill level 1 in Slings
  1460 | D:1      | Reached skill level 1 in Bows
  1460 | D:1      | Reached skill level 1 in Crossbows
  1460 | D:1      | Reached skill level 1 in Throwing
  1460 | D:1      | Reached skill level 1 in Armour
  1460 | D:1      | Reached skill level 1 in Shields
  1460 | D:1      | Reached skill level 1 in Unarmed Combat
  1460 | D:1      | Reached skill level 1 in Spellcasting
  1460 | D:1      | Reached skill level 1 in Evocations
  1699 | D:1      | Reached XP level 4. HP: 41/41 MP: 5/5
  2111 | D:2      | Learned a level 1 spell: Beastly Appendage
  2113 | D:2      | Learned a level 1 spell: Sandblast
  2868 | D:3      | Reached skill level 1 in Conjurations
  2868 | D:3      | Reached skill level 1 in Hexes
  2868 | D:3      | Reached skill level 1 in Summonings
  2868 | D:3      | Reached skill level 1 in Necromancy
  2868 | D:3      | Reached skill level 1 in Translocations
  2868 | D:3      | Reached skill level 1 in Transmutations
  2868 | D:3      | Reached skill level 1 in Fire Magic
  2868 | D:3      | Reached skill level 1 in Ice Magic
  2868 | D:3      | Reached skill level 1 in Air Magic
  2868 | D:3      | Reached skill level 1 in Earth Magic
  2868 | D:3      | Reached skill level 1 in Poison Magic
  2986 | D:3      | Found a faded altar of an unknown god.
  3545 | D:3      | Reached XP level 5. HP: 43/47 MP: 5/7
  4022 | D:4      | Reached XP level 6. HP: 53/53 MP: 8/8
  4034 | D:4      | Noticed Blork the orc
  4471 | D:4      | Reached skill level 5 in Axes
  4471 | D:4      | Reached skill level 5 in Dodging
  4479 | D:4      | Killed Blork the orc
  4775 | D:4      | Found a glowing silver altar of Zin.
  4876 | D:4      | Found a sparkling altar of Nemelex Xobeh.
  4939 | D:4      | Learned a level 3 spell: Spider Form
  5028 | D:4      | Reached XP level 7. HP: 46/59 MP: 5/10
  5166 | D:5      | Killed a steam dragon
  5212 | D:5      | Reached skill level 10 in Stealth
  5310 | D:5      | Found a runed translucent gate.
  5310 | D:5      | Found a runed translucent gate.
  5330 | D:5      | Found a runed translucent gate.
  5330 | D:5      | Noticed croobank's ghost (novice GnDe)
  5330 | D:5      | Noticed zeratav's ghost (novice OpEE)
  5331 | D:5      | Noticed HendSelp's ghost (novice FoFi)
  5383 | D:5      | Reached XP level 8. HP: 67/67 MP: 12/12
  5400 | D:5      | Learned a level 3 spell: Stone Arrow
  5417 | D:5      | Learned a level 2 spell: Passwall
  5578 | D:5      | Found a runed translucent door.
  5579 | D:5      | Noticed Crazy Yiuf
  5586 | D:5      | Killed Crazy Yiuf
  5681 | D:5      | Found a shimmering blue altar of Sif Muna.
  5835 | D:5      | Noticed Duvessa
  5835 | D:5      | Noticed Dowan
  5839 | D:5      | Killed Duvessa
  5843 | D:5      | Killed Dowan
  6054 | D:6      | Found a sacrificial altar of Ru.
  6258 | D:6      | Reached XP level 9. HP: 71/72 MP: 14/14
  6426 | D:6      | Found a hide-covered altar of Uskayaw.
  6516 | D:6      | Killed an unseen horror
  6584 | D:7      | Found a sand-covered staircase.
  6601 | Ossuary  | Entered an ossuary
  6821 | D:7      | Reached skill level 5 in Invocations
  7050 | D:7      | Reached XP level 10. HP: 76/80 MP: 17/17
  7148 | D:7      | Found a staircase to the Ecumenical Temple.
  7154 | Temple   | Entered the Ecumenical Temple
  7167 | Temple   | Became a worshipper of Gozag Ym Sagoz the Greedy
  7402 | D:7      | Noticed Menkaure
  7407 | D:7      | Killed Menkaure
  7618 | D:7      | Reached skill level 5 in Short Blades
  7618 | D:7      | Reached skill level 5 in Long Blades
  7618 | D:7      | Reached skill level 5 in Maces & Flails
  7618 | D:7      | Reached skill level 5 in Polearms
  7618 | D:7      | Reached skill level 5 in Staves
  7618 | D:7      | Reached skill level 5 in Slings
  7618 | D:7      | Reached skill level 5 in Bows
  7618 | D:7      | Reached skill level 5 in Crossbows
  7618 | D:7      | Reached skill level 5 in Throwing
  7618 | D:7      | Reached skill level 5 in Armour
  7618 | D:7      | Reached skill level 5 in Shields
  7618 | D:7      | Reached skill level 5 in Unarmed Combat
  7618 | D:7      | Reached skill level 5 in Spellcasting
  7618 | D:7      | Reached skill level 5 in Evocations
  7776 | D:7      | Learned a level 4 spell: Fulminant Prism
  7868 | D:7      | Found a bloodstained altar of Trog.
  8119 | D:8      | Noticed a two-headed ogre
  8124 | D:8      | Killed a two-headed ogre
  8333 | D:8      | Reached skill level 11 in Stealth
  8853 | D:8      | Learned a level 2 spell: Wereblood
  9417 | D:9      | Found a staircase to the Lair.
  9423 | D:9      | Reached XP level 11. HP: 78/87 MP: 19/19
  9439 | D:9      | HP: 3/87 [water moccasin (7)]
  9439 | D:9      | Slain by a yak

Illustrated notes

Levels and vault maps discovered:
D:1:      beargit_arrival_greenhouse, layout_basic, chequers_garden
D:2:      layout_loops_ring, dk_noncrumbling_2
D:3:      layout_basic, okawaru_metal_pillars_3,
          shapermc_ecumenical_altar_totnotflames
D:4:      layout_loops_corners, overflow_temple_1_default,
          mainiacjoe_overflow_brackets, glass_columns_a, uniq_blork_the_orc
D:5:      layout_loops_ring, mainiacjoe_overflow_concentric_impassable,
          gammafunk_ghost_cemetery, grunt_decor_junction, uniq_duvessa,
          uniq_crazy_yiuf_cottage
D:6:      layout_basic, nicolae_overflow_crystal_walls,
          mainiacjoe_overflow_alcove_1
D:7:      layout_layer_cave, lemuel_round_altar,
          minmay_temple_entry_proselytizer, nicolae_ossuary_entry_ruins,
          uniq_menkaure
D:8:      layout_loops_ring
D:9:      layout_basic, minmay_lair_entry_grove
Temple:   cyrus_circular_temple

Skill      XL: |  1  2  3  4  5  6  7  8  9 10 |
---------------+-------------------------------+-----
Stealth        | 10 11 | 11.2
Invocations    | 1 2 3 4 5 6 |  6.4
Short Blades   | 1 2 3 4 5 |  5.8
Long Blades    | 1 2 3 4 5 |  5.8
Maces & Flails | 1 2 3 4 5 |  5.8
Polearms       | 1 2 3 4 5 |  5.8
Staves         | 1 2 3 4 5 |  5.8
Slings         | 1 2 3 4 5 |  5.8
Bows           | 1 2 3 4 5 |  5.8
Crossbows      | 1 2 3 4 5 |  5.8
Throwing       | 1 2 3 4 5 |  5.8
Armour         | 1 2 3 4 5 |  5.8
Shields        | 1 2 3 4 5 |  5.8
Unarmed Combat | 1 2 3 4 5 |  5.8
Spellcasting   | 1 2 3 4 5 |  5.8
Evocations     | 1 2 3 4 5 |  5.8
Conjurations   | 1 2 3 4 |  4.8
Hexes          | 1 2 3 4 |  4.8
Summonings     | 1 2 3 4 |  4.8
Necromancy     | 1 2 3 4 |  4.8
Translocations | 1 2 3 4 |  4.8
Transmutations | 1 2 3 4 |  4.8
Fire Magic     | 1 2 3 4 |  4.8
Ice Magic      | 1 2 3 4 |  4.8
Air Magic      | 1 2 3 4 |  4.8
Earth Magic    | 1 2 3 4 |  4.8
Poison Magic   | 1 2 3 4 |  4.8
Axes           | 5 6 7 |  7.5
Dodging        | 5 6 7 |  7.5
Fighting       | 7 8 |  8.9

Action                   |  1- 3 |  4- 6 |  7- 9 | 10-12 || total
-------------------------+-------+-------+-------+-------++-------
Melee: Hand axe          |    58 |       |     6 |       ||    64
       Bite              |    16 |    13 |    18 |     9 ||    56
       Punch             |     3 |       |     6 |     3 ||    12
       Dagger            |    50 |   102 |    77 |       ||   229
       War axe           |    23 |       |    64 |    95 ||   182
       Kick              |       |    10 |    15 |    11 ||    36
       Headbutt          |       |     5 |     2 |     2 ||     9
       Unarmed           |       |     5 |    11 |     1 ||    17
Throw: Throwing net      |       |       |       |     1 ||     1
 Cast: Beastly Appendage |       |    15 |     8 |     5 ||    28
       Sandblast         |       |     5 |       |       ||     5
       Spider Form       |       |     1 |     2 |     1 ||     4
       Wereblood         |       |       |       |     4 ||     4
       Stone Arrow       |       |       |       |     1 ||     1
  Use: Scroll            |     6 |     5 |     6 |     6 ||    23
       Potion            |       |     1 |     1 |       ||     2
 Stab: Sleeping          |    15 |     8 |    13 |     2 ||    38
       Distracted        |       |       |       |     2 ||     2
Armor: Leather armour    |    19 |    20 |    43 |    37 ||   119
       Skin              |       |     1 |       |     1 ||     2
Dodge: Dodged            |    69 |    71 |   102 |    69 ||   311

Table legend: (Time is in decaauts)
 A = Elapsed time spent in this place.
 B = Non-inter-level travel time spent in this place.
 C = Inter-level travel time spent in this place.
 D = Time resting spent in this place.
 E = Time spent auto-exploring this place.
 F = Levels seen in this place.
 G = Mean time per level.
                   A        B        C        D        E       F      G
               +--------+--------+--------+--------+--------+-----+--------+
         Total |   9437 |   9245 |    192 |   1896 |   5313 |  11 |  857.9 |
       Dungeon |   9214 |   9035 |    179 |   1896 |   5212 |   9 | 1023.8 |
        Temple |     26 |     13 |     13 |      0 |      1 |   1 |   26.0 |
       Ossuary |    196 |    196 |      0 |      0 |    100 |   1 |  196.0 |
               +--------+--------+--------+--------+--------+-----+--------+

Top non-repeatable levels by time:
     D:2: 1496 daAuts
     D:3: 1362 daAuts
     D:7: 1322 daAuts
     D:4: 1265 daAuts
     D:8: 967 daAuts
     D:1: 922 daAuts
     D:5: 883 daAuts
     D:6: 613 daAuts
     D:9: 381 daAuts
 Ossuary: 196 daAuts
  Temple: 26 daAuts
